 Seeded DCSS version 0.30.1-11-g7821555f0a (webtiles) character file.

Game seed: 8617203140785432855 (custom seed)

8 Psyclone the Conjurer (level 2, -1/15 HPs)
             Began as a Deep Elf Conjurer on Nov 3, 2023.
             Slain by a quokka (4 damage)
             ... on level 1 of the Dungeon.
             The game lasted 00:00:21 (1737 turns).

Psyclone the Conjurer (Deep Elf Conjurer)           Turns: 1737, Time: 00:00:22

Health: -1/15      AC:  4    Str:  3    XL:     2   Next: 0%
Magic:  8/8        EV: 13    Int: 21    God:
Gold:   0          SH:  0    Dex: 17    Spells: 6/7 levels left

rFire   . . .        (no weapon)
rCold   . . .        (no shield)
rNeg    . . .        a - +0 robe
rPois   .            (no helmet)
rElec   .            (no cloak)
rCorr   .            e - +0 pair of gloves
SInv    .            d - +0 pair of boots
Will    ++...        (no amulet)
Stlth   ++           (no ring)
HPRegen 0.22/turn    (no ring)
MPRegen 0.11/turn

%: no passive effects
@: no status effects
A: talons 1, agile 1, strong-willed 2
a: no special abilities


You were on level 1 of the Dungeon.
You visited 1 branch of the dungeon, and saw 1 of its levels.

Inventory:

Armour
 a - a +0 robe (worn)
 d - a +0 pair of boots (worn)
 e - a +0 pair of gloves (worn)
Potions
 b - a potion of magic


   Skills:
 + Level 2.4 Dodging
 - Level 2.4 Stealth
 - Level 3.0 Spellcasting
 + Level 4.9 Conjurations


You had 6 spell levels left.
You knew the following spells:

 Your Spells              Type           Power      Damage    Failure   Level
a - Magic Dart            Conj           92%        1d7       1%          1

Your spell library contained the following spells:

 Spells                   Type           Power      Damage    Failure   Level
 Searing Ray              Conj           46%        2d6       2%          2
 Dazzling Flash           Conj/Hex       26%        N/A       14%         3
 Fulminant Prism          Conj/Hex       6%         3d7       43%         4
 Iskenderun's Mystic Bla  Conj/Tloc      13%        2d5       43%         4


Dungeon Overview and Level Annotations

Branches:
Dungeon (1/15) Zot: 4262

Altars:

Shops:
D:1 (


Innate Abilities, Weirdness & Mutations

You have sharp toenails.
You are agile. (Dex +4, Str/Int -1)
You are highly strong-willed. (Will++)


Message History

The quokka attacks as you move away! The quokka barely misses you.
The bat attacks as you move away! The bat closely misses you.
The quokka attacks as you move away! The quokka barely misses you.
The bat misses you. The bat hits you but does no damage.
The quokka attacks as you move away! The quokka closely misses you.
The bat misses you. The quokka bites you.
* * * LOW HITPOINT WARNING * * *
The bat attacks as you move away! The bat closely misses you.
The quokka attacks as you move away!
The quokka bites you but does no damage.
The bat hits you but does no damage. The bat hits you but does no damage.
The quokka closely misses you. The bat closely misses you.
The bat barely misses you. The quokka attacks as you move away!
The quokka closely misses you. The bat hits you but does no damage.
The quokka attacks as you move away! The quokka closely misses you.
The bat attacks as you move away! The bat barely misses you.
The bat completely misses you.
Found Doiquot's Antique Weapon Shop.
The quokka closely misses you. The bat closely misses you.
You hit the quokka but do no damage. The bat hits you but does no damage.
The quokka bites you.
The quokka bites you but does no damage.
The bat hits you but does no damage. The quokka closely misses you.
The bat hits you but does no damage. The quokka bites you.
* * * LOW HITPOINT WARNING * * *
You hit the bat.
The bat is severely wounded.
The bat closely misses you. The bat misses you. The quokka closely misses you.
The bat hits you but does no damage. The quokka barely misses you.
The bat hits you.
* * * LOW HITPOINT WARNING * * *
The quokka bites you but does no damage.
The bat closely misses you.
You can't go down here!
You take 4 damage, and have 2/15 hp.
MASSIVE DAMAGE!!
You miss the bat.
The bat is severely wounded.
The bat barely misses you. The quokka bites you.
You die...

#.....##+
#....##
#....###.##
#.......... .
###.####.##.#
#.# ...#
#.####..#.#
#.........#
#.r@b...#.
#.#####.# #.#
#.# #∩# #.#
###


You could see a quokka and a bat.

Vanquished Creatures
  A dart slug (D:1)
  A bat (D:1)
  A giant cockroach (D:1)
  2 hobgoblins (D:1)
5 creatures vanquished.

Notes
Turn   | Place    | Note
-------+----------+-------------------------------------------
     0 | D:1      | Psyclone the Deep Elf Conjurer began the quest for the Orb.
     0 | D:1      | Reached XP level 1. HP: 10/10 MP: 6/6
    79 | D:1      | Gained mutation: You have hidden genetic potential. [potion
                  | of mutation]
    79 | D:1      | Gained mutation: You have a pair of small horns on your
                  | head. [potion of mutation]
    79 | D:1      | Gained mutation: You have supernaturally acute eyesight.
                  | (SInv) [potion of mutation]
   851 | D:1      | Lost mutation: You have hidden genetic potential. [potion
                  | of mutation]
   851 | D:1      | Lost mutation: You have a pair of small horns on your head.
                  | [potion of mutation]
   851 | D:1      | Lost mutation: You have supernaturally acute eyesight.
                  | (SInv) [potion of mutation]
   851 | D:1      | Gained mutation: You are strong-willed. (Will+) [potion of
                  | mutation]
   851 | D:1      | Gained mutation: You have sharp toenails. [potion of
                  | mutation]
   851 | D:1      | Gained mutation: You are highly strong-willed. (Will++)
                  | [potion of mutation]
   851 | D:1      | Gained mutation: You are agile. (Dex +4, Str/Int -1)
                  | [potion of mutation]
   897 | D:1      | Reached XP level 2. HP: 14/15 MP: 6/8
  1725 | D:1      | Found Doiquot's Antique Weapon Shop.
  1737 | D:1      | Slain by a quokka

Illustrated notes

Levels and vault maps discovered:
D:1:      dpeg_arrival_stonehenge_12_columns, layout_basic, serial_shops, shop

Action                     || total
---------------------------++-------
  Melee: Unarmed           ||    10
   Cast: Magic Dart        ||     7
    Use: Potion            ||     2
 Armour: Robe              ||    25
  Dodge: Dodged            ||    53
